 Dungeon Crawl Stone Soup version 0.28-a0-925-gd5e1996cdb (webtiles) character file.

Game seed: 13292204758295946892

516 dolemite99 the Chopper (level 7, -1/50 HPs)
             Began as a Demonspawn Gladiator on Nov 27, 2021.
             Succumbed to a water moccasin's poison
             ... on level 5 of the Dungeon.
             The game lasted 00:05:45 (4964 turns).

dolemite99 the Chopper (Demonspawn Gladiator)       Turns: 4964, Time: 00:05:45

Health: -1/50      AC: 12    Str: 16    XL:     7   Next: 0%
Magic:  7/7        EV:  5    Int: 10    God:
Gold:   87         SH:  0    Dex: 20    Spells: 6/6 levels left

rFire   . . .      SeeInvis .   a - +0 war axe
rCold   . . .      Faith    +   (no shield)
rNeg    . . .      Spirit   .   y - +0 plate armour
rPois   .          Reflect  .   m - +0 helmet
rElec   .          Harm     .   (no cloak)
rCorr   .          Rampage  .   (no gloves)
Will    .....                   o - +0 pair of boots
Stlth   ..........              r - amulet of faith
HPRegen 0.16/turn               k - +6 ring of dexterity
MPRegen 0.10/turn               (no ring)

@: lethally poisoned (-1 -> -27), flying
A: claws 1, foul stench 1, powered by death 1
a: no special abilities


You were on level 5 of the Dungeon.
You visited 1 branch of the dungeon, and saw 5 of its levels.

You collected 137 gold pieces.
You spent 50 gold pieces at shops.

Inventory:

Hand Weapons
 a - a +0 war axe (weapon)
Missiles
 b - 12 poisoned darts (quivered)
 d - 4 throwing nets
 g - 62 arrows
 l - 14 sling bullets
 n - 75 stones
Armour
 m - a +0 helmet (worn)
 o - a +0 pair of boots (worn)
 y - a +0 plate armour (worn)
Jewellery
 k - a +6 ring of dexterity (left claw)
 r - an amulet of faith (around neck)
Wands
 e - a wand of mindburst (17)
Scrolls
 f - a scroll of holy word {unknown}
 s - a scroll of fear {unknown}
 v - 2 scrolls of enchant weapon {unknown}
 w - a scroll of vulnerability {unknown}
 x - a scroll of fog
Potions
 i - 2 potions of attraction
 p - a potion of invisibility
 u - a potion of resistance {unknown}


   Skills:
 - Level 2.0 Fighting
 + Level 7.3 Axes
 - Level 1.7 Throwing
 - Level 2.6 Dodging


You had 6 spell levels left.
You didn't know any spells.
Your spell library contained the following spells:

 Spells                   Type           Power      Damage    Failure   Level
 Sting                    Tmut/Pois      0%         1d3       100%        1
 Poisonous Vapours        Pois/Air       0%         N/A       100%        2
 Scorch                   Fire           0%         2d5       100%        2
 Sublimation of Blood     Necr           0%         N/A       100%        2
 Wereblood                Tmut           0%         N/A       100%        2
 Flame Wave               Conj/Fire      0%         3d3       100%        4
 Olgreb's Toxic Radiance  Pois           0%         N/A       100%        4
 Summon Cactus Giant      Summ           0%         N/A       100%        6
 Summon Hydra             Summ           0%         N/A       100%        7


Dungeon Overview and Level Annotations

Branches:
Dungeon (5/15)
 Temple: D:4-7

Altars:
Nemelex Xobeh
Okawaru
Trog
Yredelemnul

Shops:
D:3 *   D:4 !

Annotations:
D:3 2 transporters, HuGe's ghost, amateur MiBe


Innate Abilities, Weirdness & Mutations

You have sharp fingernails.
You may rarely emit foul miasma when damaged in melee.
You regenerate a little health from kills.


Message History

A water moccasin is nearby!
A water moccasin is nearby!
The water moccasin bites you! The water moccasin bites you.
You are poisoned.
The water moccasin poisons you!
You closely miss the water moccasin.
You feel very sick.
The water moccasin bites you but does no damage.
You barely miss the water moccasin.
You feel very sick.
The water moccasin bites you but does no damage. x2
You closely miss the water moccasin.
You feel very sick.
The water moccasin bites you but does no damage.
You closely miss the water moccasin.
You feel sick.
The water moccasin bites you but does no damage.
The water moccasin completely misses you.
You slash the water moccasin!
The water moccasin is moderately wounded.
You feel sick. The water moccasin bites you.
You are more poisoned.
The water moccasin poisons you!
The water moccasin bites you but does no damage.
You miss the water moccasin.
The water moccasin is moderately wounded.
You feel very sick. The water moccasin bites you.
* * * LOW HITPOINT WARNING * * *
You are more poisoned.
The water moccasin poisons you!
You hit the water moccasin but do no damage.
The water moccasin is moderately wounded.
* * * LOW HITPOINT WARNING * * *
You feel extremely sick.
The water moccasin bites you but does no damage.
The water moccasin completely misses you.
It was a potion of flight.
You feel very buoyant.
You fly up into the air.
You die...

# ##.. #. #.# ##.#
#.. ..## #....##.
# ... .....##.
###.
..#####..#...#.
..... #.#.....#
#....
......####....#.##
##...
......S@....#....#
+....
..#.#..##.....#
##.#. #..##....##
#### #..#..#.## #
##....#..#### ####
##.......#.##
##.#. #....##....#
#.... ###...###.##
##§## ##.##
#..###§§#


You could see a water moccasin.

Vanquished Creatures
  A black bear (D:5)
  An ogre (D:4)
  A centaur zombie (D:5)
  An orc wizard (D:5)
  2 iguanas (D:4)
  A scorpion zombie (D:5)
  A hound skeleton (D:4)
  6 gnolls
  3 adders
  2 ufetubi
  An adder skeleton (D:4)
  2 worms
  3 dart slugs
  9 orcs
  7 ball pythons
  2 bats (D:1)
  3 endoplasms (D:1)
  5 giant cockroaches
  12 goblins
  5 hobgoblins
  A quokka (D:4)
  4 frilled lizards
  13 kobolds
  6 rats
92 creatures vanquished.

Vanquished Creatures (others)
  A bat (D:2)
1 creature vanquished.

Grand Total: 93 creatures vanquished

Notes
Turn   | Place    | Note
-------+----------+-------------------------------------------
     0 | D:1      | dolemite99 the Demonspawn Gladiator began the quest for the
                  | Orb.
     0 | D:1      | Reached XP level 1. HP: 16/16 MP: 1/1
    98 | D:1      | Reached skill level 3 in Axes
   195 | D:1      | Gained mutation: You regenerate a little health from kills.
                  | [demonic ancestry]
   195 | D:1      | Reached XP level 2. HP: 20/22 MP: 2/2
   775 | D:2      | Reached XP level 3. HP: 19/27 MP: 3/3
   942 | D:2      | Reached skill level 4 in Axes
  1625 | D:3      | Gained mutation: You may rarely emit foul miasma when
                  | damaged in melee. [demonic ancestry]
  1625 | D:3      | Reached XP level 4. HP: 33/33 MP: 4/4
  1911 | D:3      | Found Awnepi Yraes's General Store.
  1921 | D:3      | Bought a potion of heal wounds for 50 gold pieces
  1979 | D:3      | Noticed HuGe's ghost (amateur MiBe)
  1980 | D:3      | Found a transporter.
  1987 | D:3      | Noticed a phantom
  2042 | D:3      | Reached skill level 5 in Axes
  2548 | D:3      | Found a transporter.
  2738 | D:4      | Reached XP level 5. HP: 30/38 MP: 5/5
  2996 | D:4      | Found Cago's Distillery.
  3025 | D:4      | Noticed an ogre
  3033 | D:4      | Killed an ogre
  3034 | D:4      | Reached skill level 6 in Axes
  3356 | D:4      | Found a sparkling altar of Nemelex Xobeh.
  3383 | D:4      | Found a bloodstained altar of Trog.
  3386 | D:4      | Found a basalt altar of Yredelemnul.
  3560 | D:4      | You fall into a shaft and drop 1 floor!
  3560 | D:5      | Entered Level 5 of the Dungeon
  3568 | D:5      | Noticed a black bear
  3578 | D:4      | Reached XP level 6. HP: 32/44 MP: 6/6
  4423 | D:4      | Found an iron altar of Okawaru.
  4760 | D:5      | Reached skill level 7 in Axes
  4772 | D:5      | Gained mutation: You have sharp fingernails. [demonic
                  | ancestry]
  4772 | D:5      | Reached XP level 7. HP: 50/50 MP: 7/7
  4964 | D:5      | Succumbed to a water moccasin's poison

Illustrated notes

Levels and vault maps discovered:
D:1:      heliophobic_arrival_enchanted_forest, layout_basic
D:2:      layout_rooms
D:3:      layout_basic, serial_shops, nicolae_shop_trees,
          gammafunk_ghost_mausoleum
D:4:      minmay_wonky_spiral, layout_basic, general_overflow_altar,
          grunt_temple_overflow_diamond, nicolae_stop_n_shop_1
D:5:      minmay_bubble_buster, layout_cave_pools,
          mainiacjoe_overflow_big_doors, minmay_fractal_squares_gapless_5

Skill      XL: |  1  2  3  4  5  6 |
---------------+-------------------+-----
Axes           | 3 4 5 6 7 |  7.3
Fighting       | |  2.0
Throwing       | |  1.7
Dodging        | |  2.6

Action                   |  1- 3 |  4- 6 |  7- 9 || total
-------------------------+-------+-------+-------++-------
Melee: War axe           |   106 |   161 |     7 ||   274
Throw: Dart              |       |    18 |       ||    18
  Use: Potion            |       |     1 |     1 ||     2
       Scroll            |       |       |     6 ||     6
Armor: Scale mail        |    64 |    53 |       ||   117
       Plate armour      |       |    50 |     7 ||    57
Dodge: Dodged            |    74 |   116 |     2 ||   192

Table legend: (Time is in decaauts)
 A = Elapsed time spent in this place.
 B = Non-inter-level travel time spent in this place.
 C = Inter-level travel time spent in this place.
 D = Time resting spent in this place.
 E = Time spent auto-exploring this place.
 F = Levels seen in this place.
 G = Mean time per level.
                   A        B        C        D        E       F      G
               +--------+--------+--------+--------+--------+-----+--------+
         Total |   5031 |   4833 |    198 |   1901 |   1974 |   5 | 1006.2 |
       Dungeon |   5031 |   4833 |    198 |   1901 |   1974 |   5 | 1006.2 |
               +--------+--------+--------+--------+--------+-----+--------+

Top non-repeatable levels by time:
     D:4: 2024 daAuts
     D:3: 1138 daAuts
     D:1: 786 daAuts
     D:2: 710 daAuts
     D:5: 372 daAuts
